 Dungeon Crawl Stone Soup version 0.29.1-15-g9cfb28693d (webtiles) character file.

Game seed: 17959380877529947473

1615307 SuperSeabass the Bringer of Law (level 27, 164/164 HPs)
             Began as a Vine Stalker Delver on Mar 20, 2023.
             Was the Champion of Zin.
             Escaped with the Orb
             ... and 3 runes on Mar 21, 2023!
             The game lasted 07:41:13 (77836 turns).

SuperSeabass the Bringer of Law (VSDe)             Turns: 77836, Time: 07:41:13

Health: 164/164    AC: 37    Str: 32    XL:     27
Magic:  49/49      EV: 26    Int:  8    God:    Zin [******]
Gold:   6480       SH: 12    Dex: 31    Spells: 35/36 levels left

rFire   + + .      SeeInvis +   b - +11 rapier of Titeggek {freeze, rElec rN+ Dex+9}
rCold   + + .      Faith    .   N - +3 buckler of the Spider Nest {rPois Will+++ Str-2 Int-2}
rNeg    + + .      Spirit   +   y - +7 ice dragon scales
rPois   +          Reflect  .   v - +2 helmet {SInv}
rElec   +          Harm     .   O - +2 cloak
rCorr   +          Rampage  .   x - +2 pair of gloves of Mysticism {Will+}
Will    +++++                   I - +2 pair of boots
Stlth   ++........              Y - amulet "Inee" {Spirit rElec rF+}
HPRegen 1.17/turn               M - ring "Xoemovosm" {rF++ Will- MP+9 Dex+6, =R}
MPRegen 0.31/turn               S - ring of Ygoese {rN+ rCorr Str+5}

@: studying 4 skills
A: fangs 3, regeneration 1, magic shield, antimagic bite, no potion heal 2
0: Orb of Zot
}: 3/15 runes: decaying, silver, gossamer
a: Renounce Religion, Recite, Vitalisation, Imprison, Sanctuary, Donate Gold


You escaped.
You worshipped Zin.
Zin was exalted by your worship.
You visited 10 branches of the dungeon, and saw 50 of its levels.
You also visited: Trove and Gauntlet.

You collected 10161 gold pieces.
You spent 3107 gold pieces at shops.
You donated 574 gold pieces to Zin.

Inventory:

Hand Weapons
 a - a +9 dagger of speed
 b - the +11 rapier of Titeggek (weapon) {freeze, rElec rN+ Dex+9}
   (You found it on level 2 of the Vaults)

   It freezes those it strikes, dealing additional cold damage.
   It can also slow down cold-blooded creatures.
   Dex:       It affects your dexterity (+9).
   rElec:     It insulates you from electricity.
   rN:        It protects you from negative energy.
Missiles
 A - 13 silver javelins
 E - 3 throwing nets
 J - 27 javelins (quivered)
 U - 14 curare-tipped darts
Armour
 l - a +0 troll leather armour {Parghit}
 q - the +6 chain mail "Jeustraf" {+Inv rElec MP+9}
   (You bought it in a shop on level 2 of the Orcish Mines)

   rElec:     It insulates you from electricity.
   MP:        It affects your magic capacity (+9).
   +Inv:      It lets you turn invisible.
 v - a +2 helmet of see invisible (worn)
 x - the +2 pair of gloves of Mysticism (worn) {Will+}
   (You bought it in a shop on level 2 of the Vaults)

   Will:      It increases your willpower.
 y - +7 ice dragon scales (worn)
 I - a +2 pair of boots (worn)
 N - the +3 buckler of the Spider Nest (worn) {rPois Will+++ Str-2 Int-2}
   (You acquired it on level 8 of the Dungeon)

   Str:       It affects your strength (-2).
   Int:       It affects your intelligence (-2).
   rPois:     It protects you from poison.
   Will:      It greatly increases your willpower.
 O - a +2 cloak (worn)
Jewellery
 F - the ring of Taamya {rF+ rN++ rCorr Int-4 SInv}
   (You found it on level 4 of the Dungeon)

   [ring of see invisible]

   Int:       It affects your intelligence (-4).
   rF:        It protects you from fire.
   rN:        It greatly protects you from negative energy.
   SInv:      It lets you see invisible.
   rCorr:     It protects you from acid and corrosion.
 M - the ring "Xoemovosm" (left hand) {rF++ Will- MP+9 Dex+6, =R}
   (You found it in a Gauntlet)

   [ring of magical power]

   Dex:       It affects your dexterity (+6).
   rF:        It greatly protects you from fire.
   MP:        It affects your magic capacity (+9).
   Will:      It decreases your willpower.
 S - the ring of Ygoese (right hand) {rN+ rCorr Str+5}
   (You found it in a Gauntlet)

   [ring of positive energy]

   Str:       It affects your strength (+5).
   rN:        It protects you from negative energy.
   rCorr:     It protects you from acid and corrosion.
 Y - the amulet "Inee" (around neck) {Spirit rElec rF+}
   (You took it off a vault sentinel on level 3 of the Vaults)

   [amulet of guardian spirit]

   It causes incoming damage to be divided between your reserves of health and
   magic.
   rF:        It protects you from fire.
   rElec:     It insulates you from electricity.
Wands
 d - a wand of digging (12)
 m - a wand of mindburst (32)
 p - a wand of roots (43)
 z - a wand of paralysis (18)
 V - a wand of quicksilver (31)
Scrolls
 c - 10 scrolls of fog
 e - 4 scrolls of fear
 f - 6 scrolls of blinking
 h - 6 scrolls of enchant weapon
 i - 2 scrolls of summoning
 j - 11 scrolls of poison
 n - 12 scrolls of immolation
 r - 6 scrolls of silence
 G - 2 scrolls of magic mapping
 T - 6 scrolls of vulnerability
 W - 27 scrolls of teleportation
 X - 2 scrolls of brand weapon
Potions
 k - 6 potions of berserk rage
 o - 8 potions of flight
 s - 8 potions of ambrosia
 t - 15 potions of mutation
 u - 34 potions of curing
 w - 7 potions of might
 C - 4 potions of brilliance
 H - 7 potions of cancellation
 K - 4 potions of invisibility
 L - 13 potions of attraction
 P - 9 potions of magic
 Q - 6 potions of resistance
 R - 3 potions of haste
Miscellaneous
 g - a tin of tremorstones (2/2)
 D - a phial of floods
 Z - a lightning rod (4/4)


   Skills:
 + Level 23.2 Fighting
 - Level 14.0 Short Blades
 + Level 16.3 Throwing
 + Level 15.3 Armour
 + Level 15.2 Dodging
 - Level 16.0 Stealth
 - Level 11.3 Shields
 - Level 5.0 Spellcasting
 + Level 24.8 Invocations
 - Level 10.0 Evocations


You had 35 spell levels left.
You knew the following spells:

 Your Spells              Type           Power      Damage    Failure   Level
a - Apportation           Tloc           4%         N/A       50%         1

Your spell library contained the following spells:

 Spells                   Type           Power      Damage    Failure   Level
 Foxfire                  Conj/Fire      8%         2x1d4     50%         1
 Freeze                   Ice            8%         1d3       50%         1
 Magic Dart               Conj           8%         1d3       50%         1
 Necrotise                Necr           8%         1d4       50%         1
 Sandblast                Erth           4%         2d4       50%         1
 Slow                     Hex            8%         N/A       50%         1
 Sting                    Tmut/Pois      8%         1d3       50%         1
 Summon Small Mammal      Summ           8%         N/A       50%         1
 Blink                    Tloc           4%         N/A       63%         2
 Ensorcelled Hibernation  Hex/Ice        4%         N/A       63%         2
 Passwall                 Tmut/Erth      1%         N/A       63%         2
 Poisonous Vapours        Pois/Air       4%         N/A       63%         2
 Searing Ray              Conj           4%         2d4       63%         2
 Sublimation of Blood     Necr           2%         N/A       63%         2
 Wereblood                Tmut           2%         N/A       63%         2
 Call Canine Familiar     Summ           2%         N/A       86%         3
 Confusing Touch          Hex            2%         N/A       86%         3
 Conjure Flame            Conj/Fire      2%         6-21      86%         3
 Dazzling Flash           Conj/Hex       4%         N/A       86%         3
 Frozen Ramparts          Ice            4%         1d1       86%         3
 Gell's Gravitas          Tloc           2%         N/A       86%         3
 Ignite Poison            Fire/Tmut/Pois 2%         N/A       86%         3
 Inner Flame              Hex/Fire       2%         N/A       86%         3
 Lesser Beckoning         Tloc           2%         N/A       86%         3
 Portal Projectile        Hex/Tloc       4%         N/A       86%         3
 Stone Arrow              Conj/Erth      4%         3d7       86%         3
 Summon Guardian Golem    Hex/Summ       2%         N/A       86%         3
 Swiftness                Air            2%         N/A       86%         3
 Teleport Other           Tloc           2%         N/A       86%         3
 Tukima's Dance           Hex            2%         N/A       86%         3
 Vampiric Draining        Necr           2%         2d6       86%         3
 Airstrike                Air            1%         2d(1-17)  99%         4
 Animate Armour           Summ/Erth      4%         N/A       99%         4
 Flame Wave               Conj/Fire      2%         2d4       99%         4
 Fulminant Prism          Conj/Hex       1%         3d6       99%         4
 Hailstorm                Conj/Ice       2%         3d3       99%         4
 Ice Form                 Ice/Tmut       2%         N/A       99%         4
 Iskenderun's Mystic Bla  Conj/Tloc      2%         2d3       99%         4
 Olgreb's Toxic Radiance  Pois           2%         N/A       99%         4
 Passage of Golubria      Tloc           2%         N/A       99%         4
 Petrify                  Tmut/Erth      2%         N/A       99%         4
 Sticky Flame             Conj/Fire      2%         2d3       99%         4
 Summon Ice Beast         Ice/Summ       2%         N/A       99%         4
 Summon Lightning Spire   Summ/Air       2%         N/A       99%         4
 Alistair's Intoxication  Tmut/Pois      1%         N/A       100%        5
 Blade Hands              Tmut           1%         N/A       100%        5
 Fireball                 Conj/Fire      1%         3d3       100%        5
 Freezing Cloud           Conj/Ice/Air   1%         6-21      100%        5
 Irradiate                Conj/Tmut      1%         3d12      100%        5
 Iskenderun's Battlesphe  Conj           2%         2d6       100%        5
 Lee's Rapid Deconstruct  Erth           1%         3d5*      100%        5
 Lightning Bolt           Conj/Air       1%         1d12      100%        5
 Manifold Assault         Tloc           2%         N/A       100%        5
 Metabolic Englaciation   Hex/Ice        1%         N/A       100%        5
 Silence                  Hex/Air        1%         N/A       100%        5
 Summon Forest            Summ/Tloc      1%         N/A       100%        5
 Conjure Ball Lightning   Conj/Air       1%         3x3d6     100%        6
 Eringya's Noxious Bog    Tmut/Pois      1%         N/A       100%        6
 Iron Shot                Conj/Erth      1%         9d1       100%        6
 Simulacrum               Ice/Necr       1%         N/A       100%        6
 Starburst                Conj/Fire      1%         6d3       100%        6
 Statue Form              Tmut/Erth      1%         N/A       100%        6
 Orb of Destruction       Conj           1%         9d5       100%        7
 Summon Hydra             Summ           1%         N/A       100%        7
 Ignition                 Fire           1%         3d3       100%        8
 Lehudib's Crystal Spear  Conj/Erth      1%         10d2      100%        8
 Chain Lightning          Conj/Air       1%         3d1       100%        9
 Fire Storm               Conj/Fire      1%         7d1       100%        9
 Polar Vortex             Ice            1%         N/A       100%        9
 Shatter                  Erth           1%         3d5*      100%        9


Dungeon Overview and Level Annotations

Branches:
Dungeon (15/15)            Temple (0/1) D:4            Lair (5/5) D:11
  Swamp (4/4) Lair:2       Spider (4/4) Lair:3        Slime (0/5) Lair:4
    Orc (2/2) D:10            Elf (3/3) Orc:2        Vaults (5/5) D:13
  Crypt (3/3) Vaults:2       Tomb (0/3) Crypt:3      Depths (4/4) D:15
    Zot (5/5) Depths:4    Gauntlet (visited)

Altars:
Cheibriados
Dithmenos
Fedhas
Gozag
Hepliaklqana
Kikubaaqudgha
Makhleb
Nemelex Xobeh
Okawaru
Qazlal
Ru
Yredelemnul
Zin
The Shining One
Jiyva

Shops:
D:4 !   D:6 (   D:8 (   Orc:2 [[:[   Elf:2 (   Vaults:2 ?([   Vaults:4 :
Vaults:5 *

Portals:
Hell: Depths:1 Depths:2 Depths:3 Depths:4
Abyss: Depths:3
Pandemonium: Depths:1 Depths:2 Depths:4
Ziggurat: Depths:4

Annotations:
Vaults:5 2 exclusions
Zot:4 4 transporters
Zot:5 exclusions: orange crystal statue and 1 more exclusion


Innate Abilities, Weirdness & Mutations

You have razor-sharp teeth.
Your natural rate of healing is unusually fast.
When hurt, damage is shared between your health and your magic reserves.
Your bite disrupts and absorbs the magic of your enemies.
Potions cannot restore your health.


Message History

(H) Hell (Z) Zot
Where to? (* - list waypoints, Enter - D:1 @ (x,y), ? - help)
There is a stone staircase leading up here.
You climb upwards.
There is a stone staircase leading down here.
A sun demon comes into view.
There is an entrance to Kiluvikk's Distillery here.
The sun demon completely misses you.
The sun demon hits you but does no damage.
There is a stone staircase leading up here.
You closely miss the sun demon. You bite the sun demon. You drain its power.
The sun demon is lightly wounded.
You block the sun demon's attack.
You impale the sun demon!! You freeze the sun demon! You bite the sun demon.
You drain its power.
The sun demon is severely wounded.
You miss the sun demon. You bite the sun demon! You drain its power.
The sun demon is almost dead.
The sun demon hits you but does no damage.
You hit the sun demon but do no damage. You bite the sun demon.
You kill the sun demon!
You climb upwards.
There is a stone staircase leading down here.
(D) Dungeon (T) Temple (L) Lair (S) Swamp (N) Spider Nest (M) Slime Pits (O) Orcish Mines (E) Elven Halls (V) Vaults (C) Crypt (W) Tomb (U) Depths (H) Hell (Z) Zot
Where to? (* - list waypoints, Enter - D:1 @ (x,y), ? - help)
There is a stone staircase leading up here.
You climb upwards.
There is a stone staircase leading down here.
There is a stone staircase leading up here.
You climb upwards.
There is a stone staircase leading down here.
Things that are here:
a +0 animal skin; a +0 club
There is an open door here.
There is an escape hatch in the floor here.
There is a staircase leading out of the dungeon here.
You have escaped!

#..####..###..#.....#.#### ####.#
#..# #..#..#.#.###'#.#>.# #.#
#..####.....#.+.....#.##[# #.#
#..........##.#######.##.# #.#
#.######.........#.......# #^#
#.# ######.#######.##.# #.. ..#
#.#.....'.##.######.. ..###
#####.....###..........
....#######.'.#.@>..#.'..######..
............#'#.....#'#..# ##.
..######.#..#.#.....'.#..# #. ..#
#.##.#.#####'#.#..# #. ..#
#.##......#.......#######. ..#
#.####.#######.#.......... ..#
#.# #.'.....'.#.####..### ..# #.#
#+#.###.#+#.# #..# ..# #.#
#...#...#...####..###


There were no monsters in sight!

Vanquished Creatures
  5 dread liches
  An ancient lich (Zot:5)
  6 orbs of fire
  Mara (Vaults:3)
  A juggernaut (Depths:4)
  Josephina (Zot:4)
  Vv (Depths:4)
  Parghit (Zot:1)
  6 Killer Klowns
  5 curse toes
  Saint Roka (Vaults:3)
  2 caustic shrikes (Depths:3)
  9 golden dragons
  Nikola (Spider:1)
  25 tentacled monstrosities
  4 electric golems
  The ghost of Muvus the Executioner, an adept DsFi of Uskayaw (Vaults:2)
  A hellephant (Vaults:4)
  10 liches
  3 quicksilver dragons
  2 walking crystal tomes (Depths:3)
  2 walking frostbound tomes (Depths:3)
  4 deep elf blademasters (Elf:3)
  26 Orb Guardians
  The ghost of Doddyp the Executioner, an adept HOBe of Trog (Swamp:2)
  8 titans
  An Executioner (Zot:1)
  3 deep elf master archers (Elf:3)
  6 ancient champions
  Agnes (D:15)
  7 sphinxes
  6 tengu reavers
  A thorn hunter (Swamp:1)
  8 shadow dragons
  11 death cobs
  13 storm dragons
  Roxanne (Swamp:3)
  9 draconian knights
  9 draconian monks
  5 revenants
  3 iron dragons
  2 fenstrider witches
  10 vault wardens
  10 emperor scorpions
  21 frost giants
  Louise (Swamp:3)
  Aizul (Lair:3)
  6 draconian scorchers
  6 deep elf sorcerers
  27 fire giants
  4 ghost moths
  11 draconian stormcallers
  2 draconian shifters (Zot:1)
  2 balrugs
  6 curse skulls
  2 orc warlords
  A deep elf elementalist (Elf:3)
  15 ghouls
  A spriggan defender (Depths:2)
  11 ironbound preservers
  18 very ugly things
  2 juggernaut skeletons (Crypt:2)
  A caustic shrike skeleton (Depths:1)
  10 stone giants
  5 draconian annihilators
  A reaper (Crypt:2)
  10 vampire knights
  11 ironbound thunderhulks
  6 broodmothers
  8 deep elf demonologists
  A war gargoyle (Vaults:5)
  8 eleionomae
  19 red draconians
  4 entropy weavers
  4 bunyips
  5 yellow draconians
  9 dire elephants
  12 deep elf annihilators
  5 purple draconians
  10 green draconians
  A minotaur (Gauntlet)
  Azrael (D:13)
  13 black draconians
  15 spark wasps
  The ghost of jtron the Grappler, a journeyman TrMo of Cheibriados (Swamp:1)
  12 white draconians
  11 deep elf death magi
  2 mummy priests (Crypt:2)
  11 eidola
  2 blizzard demons
  A green death (Crypt:2)
  6 fire dragons
  15 ettins
  A crystal guardian (Vaults:3)
  An acid blob zombie (Crypt:2)
  3 shambling mangroves
  23 hydras
  2 spectral spriggans (Crypt:3)
  10 yaktaur captains
  5 deep elf high priests
  34 vault guards
  3 boulder beetles
  A peacekeeper (Vaults:3)
  8 great orbs of eyes
  8 jiangshi
  4 rakshasas
  Erolcha (D:13)
  3 jorogumos
  3 quicksilver dragon skeletons
  3 hell beasts
  6 ogre magi
  3 catoblepae
  A jorogumo (shapeshifter) (Vaults:5)
  7 radroaches
  3 spriggan air magi (Depths:2)
  26 two-headed ogres
  15 centaur warriors
  8 ironbound frosthearts
  A two-headed ogre (shapeshifter) (Vaults:5)
  5 ice dragons
  The ghost of Parcival the Cleaver, a novice MiFi (D:9)
  An anaconda (shapeshifter) (Vaults:5)
  32 dancing weapons
  3 death yaks
  2 hell hogs
  7 tengu warriors
  4 alligators
  A spectral dire elephant (Crypt:3)
  11 soul eaters
  A titan skeleton (Vaults:5)
  12 vampire magi
  8 spriggan berserkers
  4 sun demons
  4 orc high priests (Elf:3)
  A storm dragon zombie (Crypt:1)
  2 titan zombies
  Urug (D:10)
  21 hell knights
  14 shadow wraiths
  19 deep elf knights
  14 skeletal warriors
  A spectral bunyip (Crypt:3)
  A spectral anaconda (Crypt:3)
  An emperor scorpion zombie (Crypt:1)
  17 deep trolls
  A death drake (Swamp:1)
  5 goliath frogs
  4 pharaoh ants
  A fire crab (shapeshifter) (Elf:1)
  3 iron trolls
  A spark wasp zombie (Depths:2)
  11 steelbarb worms
  A bunyip zombie (Crypt:2)
  A glowing orange brain (shapeshifter) (Vaults:5)
  11 swamp dragons
  7 deep elf archers
  6 spriggan druids
  9 orb spiders
  2 glowing orange brains
  34 phantasmal warriors
  An obsidian statue (Depths:4)
  A shadow demon (Depths:4)
  A shadow dragon zombie (Depths:1)
  13 bog bodies
  13 flayed ghosts
  21 ironbound convokers
  11 lindwurms
  7 orc knights
  9 wizards
  33 deep elf pyromancers
  37 deep elf zephyrmancers
  The ghost of roninjake the Geomancer, a novice DEEE of Vehumet (D:7)
  An eleionoma zombie (Crypt:1)
  A fire giant zombie (Depths:1)
  6 harpies
  13 necromancers
  51 ugly things
  28 wolf spiders
  An iron dragon zombie (Crypt:1)
  5 cyclopes
  An iron dragon skeleton (Crypt:2)
  27 moths of wrath
  2 orc sorcerers (D:15)
  A stone giant zombie (Depths:1)
  6 will-o-the-wisps
  5 manticores
  A shadow dragon skeleton (Crypt:1)
  A frost giant zombie (Crypt:2)
  A salamander (shapeshifter) (Vaults:5)
  4 rust devils
  Maurice (D:8)
  A frost giant skeleton (Depths:1)
  A stone giant skeleton (Vaults:1)
  8 elephants
  An alligator snapping turtle zombie (Crypt:2)
  2 fire giant skeletons
  5 black mambas
  13 vault sentinels
  A naga mage (D:15)
  11 cane toads
  6 smoke demons
  6 torpor snails (Lair:5)
  An ice statue (D:11)
  A titan simulacrum (Depths:1)
  A dire elephant skeleton (Crypt:1)
  4 orange demons
  3 unseen horrors
  A rime drake (Lair:4)
  3 centaur skeletons (D:15)
  8 komodo dragons
  7 demonic crawlers
  13 freezing wraiths
  26 yaktaurs
  3 ice devils
  An unseen horror zombie (Crypt:2)
  4 efreet
  A hellion (Depths:1)
  3 hellwings
  Psyche (D:9)
  2 tengu conjurers
  A bloated husk (Swamp:3)
  3 spectral harpies (Crypt:3)
  A mana viper zombie (Crypt:1)
  A purple draconian skeleton (Crypt:1)
  A guardian mummy (Crypt:1)
  6 meliai
  4 red devils
  A catoblepas skeleton (Crypt:1)
  2 queen bees
  A yaktaur skeleton (Vaults:5)
  A white draconian skeleton (Crypt:2)
  A queen bee (shapeshifter) (D:14)
  8 trolls
  24 hornets
  8 tyrant leeches
  2 merfolk (shapeshifter)
  47 slime creatures
  A hydra zombie (Crypt:2)
  A polar bear (Lair:2)
  A slime creature (shapeshifter) (Vaults:5)
  16 blink frogs
  Prince Ribbit (D:5)
  3 dream sheep (Lair:5)
  2 ettin zombies
  A harpy skeleton (Crypt:1)
  A deep troll zombie (Vaults:1)
  2 dream sheep (shapeshifter)
  26 tarantellas
  2 tengu simulacra (Vaults:5)
  28 culicivoras
  2 centaur simulacra
  38 jumping spiders
  9 flying skulls (Crypt:3)
  2 air elementals
  4 vampires
  20 spriggans
  2 water elementals
  9 wraiths
  14 shadows
  A guardian serpent skeleton (Crypt:3)
  4 ynoxinuls
  4 wyverns
  48 yaks
  6 fire elementals
  3 basilisks
  A redback (shapeshifter) (Vaults:5)
  11 vampire mosquitoes
  5 chaos spawn
  50 redbacks
  2 steam dragons
  A neqoxec (Depths:4)
  13 swamp worms
  A faun zombie (Crypt:3)
  A warg (shapeshifter) (Depths:3)
  2 wargs
  A two-headed ogre zombie (Crypt:1)
  A deep troll skeleton (Crypt:1)
  An acid dragon (D:11)
  9 large abominations
  2 floating eyes
  2 hell hounds (D:13)
  2 glowing shapeshifter skeletons
  5 swamp drakes (Swamp:4)
  25 orc warriors
  10 water moccasins
  6 black bears
  An ice beast (D:8)
  A snapping turtle zombie (Crypt:3)
  An ettin simulacrum (Crypt:1)
  19 boggarts
  30 ogres
  10 wolves
  A shining eye zombie (Crypt:3)
  A swamp dragon skeleton (Crypt:2)
  15 centaurs
  3 phantoms
  19 bullfrogs
  2 earth elementals (Elf:2)
  4 human zombies
  A rime drake skeleton (Crypt:3)
  A bullfrog (shapeshifter) (Crypt:2)
  2 gnoll sergeants
  5 necrophages
  A glowing shapeshifter simulacrum (Depths:2)
  4 scorpions
  4 small abominations
  4 wights (D:6)
  A polar bear zombie (Crypt:3)
  25 killer bees
  4 howler monkeys
  3 electric eels (D:12)
  6 hounds
  11 orc priests
  4 gnoll boudas
  3 jellies
  2 iron imps (Gauntlet)
  A boggart zombie (Crypt:2)
  A human skeleton (Crypt:1)
  5 iguanas
  8 orc wizards
  2 hell rats
  A tengu zombie (Crypt:3)
  A hound skeleton (Crypt:1)
  6 mummies (Crypt:1)
  Robin (D:1)
  29 gnolls
  10 adders
  2 steam dragon skeletons
  2 white imps
  A lava snake skeleton (Crypt:2)
  3 worms
  54 orcs
  5 bats
  6 endoplasms
  3 giant cockroaches
  16 goblins
  14 hobgoblins
  2 jackals (D:1)
  4 quokkas
  4 ball pythons
  A ball python skeleton (Crypt:1)
  2 frilled lizards (D:1)
  7 kobolds
  4 rats (D:1)
  3 pillars of salt
2401 creatures vanquished.

Vanquished Creatures (others)
  A draconian annihilator (Zot:2)
  A vampire knight (Depths:4)
  A red draconian (Zot:3)
  A phantasmal warrior (Vaults:5)
  A deep elf pyromancer (Elf:3)
  A moth of wrath (Zot:2)
  A ghost moth simulacrum (Zot:4)
  A golden dragon simulacrum (Zot:4)
  A draconian simulacrum (Zot:4)
  A ynoxinul (Depths:1)
  A moth of wrath simulacrum (Zot:4)
  A boggart (Vaults:2)
  An orc wizard (D:9)
  3 briar patches (Swamp:1)
  6 demonic plants (D:15)
  42 foxfires
  10 fungi
  57 pillars of salt
  53 plants
184 creatures vanquished.

Grand Total: 2585 creatures vanquished

Notes
Turn   | Place    | Note
-------+----------+-------------------------------------------
     0 | D:5      | SuperSeabass the Vine Stalker Delver began the quest for
                  | the Orb.
     0 | D:5      | Reached XP level 1. HP: 11/11 MP: 2/2
     1 | D:6      | Noticed an iguana
    29 | D:5      | Noticed a hound
   356 | D:5      | Noticed a hound
   373 | D:5      | Killed a hound
   374 | D:5      | Reached XP level 2. HP: 4/16 MP: 1/3
   374 | D:5      | Reached XP level 3. HP: 5/20 MP: 1/4
   639 | D:4      | Found Kiluvikk's Distillery.
  1417 | D:1      | Gained mutation: Your natural rate of healing is unusually
                  | fast. [Vine Stalker growth]
  1417 | D:1      | Reached XP level 4. HP: 24/24 MP: 5/5
  1841 | D:1      | Found a faded altar of an unknown god.
  2069 | D:2      | Noticed Robin
  2089 | D:1      | Killed Robin
  2316 | D:2      | Reached XP level 5. HP: 28/28 MP: 6/6
  3027 | D:4      | Bought a potion of curing for 39 gold pieces
  3027 | D:4      | Bought a potion of might for 52 gold pieces
  3027 | D:4      | Bought a potion of lignification for 39 gold pieces
  3027 | D:4      | Bought a potion of might for 52 gold pieces
  3040 | D:4      | Noticed a black bear
  3042 | D:4      | Killed a black bear
  3043 | D:4      | Reached skill level 5 in Short Blades
  3043 | D:4      | Reached XP level 6. HP: 32/32 MP: 7/7
  3123 | D:3      | Noticed an angel
  3124 | D:3      | Found a glowing silver altar of Zin.
  3129 | D:3      | Became a worshipper of Zin the Law-Giver
  3137 | D:3      | Donated 20 gold pieces to Zin
  3416 | D:3      | Reached * piety under Zin
  3622 | D:4      | Identified the ring of Taamya {rF+ rN++ rCorr Int-4 SInv}
  3644 | D:4      | Noticed a black bear
  3658 | D:4      | Killed a black bear
  3732 | D:4      | Reached XP level 7. HP: 32/36 MP: 6/8
  3856 | D:4      | Found a staircase to the Ecumenical Temple.
  4363 | D:5      | Reached ** piety under Zin
  4958 | D:5      | Gained mutation: You have razor-sharp teeth. [Vine Stalker
                  | growth]
  4958 | D:5      | Reached XP level 8. HP: 40/40 MP: 9/9
  4959 | D:5      | Noticed Prince Ribbit
  4963 | D:5      | Killed Prince Ribbit
  5361 | D:6      | Found a stormy altar of Qazlal.
  5497 | D:6      | Found a hazy altar of Hepliaklqana.
  5534 | D:6      | Reached skill level 10 in Short Blades
  5587 | D:6      | Reached XP level 9. HP: 13/44 MP: 3/11
  5635 | D:5      | Reached skill level 1 in Spellcasting
  5635 | D:5      | Reached skill level 1 in Invocations
  5745 | D:6      | Reached skill level 1 in Armour
  5804 | D:6      | Reached *** piety under Zin
  5874 | D:6      | Found a sacrificial altar of Ru.
  5963 | D:6      | Found Beaq's Antique Weapon Emporium.
  6113 | D:6      | Reached skill level 2 in Invocations
  6294 | D:7      | Found a glowing golden altar of the Shining One.
  6299 | D:7      | Found a runed translucent gate.
  6300 | D:7      | Found a runed translucent gate.
  6300 | D:7      | Found an opulent altar of Gozag.
  6301 | D:7      | Found a runed translucent gate.
  6322 | D:7      | Found a burning altar of Makhleb.
  6326 | D:7      | Found a sparkling altar of Nemelex Xobeh.
  6331 | D:7      | Found a snail-covered altar of Cheibriados.
  6442 | D:7      | Reached **** piety under Zin
  6903 | D:7      | Noticed roninjake's ghost (novice DEEE)
  6903 | D:7      | Noticed a centaur warrior
  7057 | D:8      | Reached skill level 3 in Invocations
  7184 | D:8      | Noticed Maurice
  7187 | D:8      | Killed Maurice
  7188 | D:8      | Reached skill level 5 in Fighting
  7188 | D:8      | Reached skill level 4 in Invocations
  7188 | D:8      | Reached XP level 10. HP: 51/51 MP: 15/17
  7218 | D:8      | Noticed a two-headed ogre
  7221 | D:8      | Killed a two-headed ogre
  7453 | D:8      | Identified a scroll of acquirement
  7454 | D:8      | Acquired the +3 buckler of the Spider Nest {rPois Will+++
                  | Str-2 Int-2}
  7458 | D:8      | Learned a level 1 spell: Apportation
  7465 | D:8      | Reached skill level 5 in Spellcasting
  7465 | D:8      | Reached skill level 5 in Invocations
  7638 | D:8      | Found a blossoming altar of Fedhas.
  7659 | D:8      | Reached ***** piety under Zin
  7994 | D:8      | Found Mawiaj's Weapon Shop.
  8152 | D:9      | Found a runed translucent gate.
  8152 | D:9      | Found a runed translucent gate.
  8152 | D:9      | Found a runed translucent gate.
  8170 | D:9      | Noticed Parcival's ghost (novice MiFi)
  8233 | D:9      | Reached skill level 1 in Shields
  8284 | D:9      | Noticed Psyche
  8350 | D:9      | Noticed an unseen horror
  8391 | D:9      | Killed an unseen horror
  8433 | D:9      | Found an iron altar of Okawaru.
  8680 | D:9      | Killed Psyche
  8820 | D:4      | Bought a potion of resistance for 130 gold pieces
  8911 | D:10     | Entered Level 10 of the Dungeon
  8911 | D:10     | Noticed a two-headed ogre
  8925 | D:10     | Killed a two-headed ogre
  8926 | D:10     | Reached skill level 5 in Armour
  8926 | D:10     | Reached skill level 6 in Invocations
  8926 | D:10     | Reached XP level 11. HP: 58/58 MP: 19/19
  9021 | D:10     | Found a staircase to the Orcish Mines.
  9219 | D:10     | Noticed Urug
  9235 | D:10     | Killed Urug
  9643 | D:10     | Found a portal to a secret trove of treasure.
  9832 | D:11     | Noticed a two-headed ogre
 10019 | D:11     | Noticed a boulder beetle
 10100 | D:11     | Killed a two-headed ogre
 10101 | D:11     | Reached skill level 7 in Invocations
 10341 | D:11     | Killed a boulder beetle
 10654 | D:11     | Found a staircase to the Lair.
 10734 | D:11     | Reached skill level 5 in Shields
 10734 | D:11     | Reached XP level 12. HP: 39/64 MP: 13/20
 11026 | Lair:1   | Entered Level 1 of the Lair of Beasts
 11030 | Lair:1   | Noticed a five-headed hydra
 11052 | Lair:1   | Killed a five-headed hydra
 11242 | Lair:1   | Reached skill level 8 in Invocations
 11368 | Lair:1   | You fall into a shaft and drop 1 floor!
 12141 | Lair:2   | Noticed a four-headed hydra
 12251 | Lair:2   | Killed a four-headed hydra
 12571 | Lair:2   | Found a staircase to the Swamp.
 12718 | Lair:2   | Noticed a seven-headed hydra
 12721 | Lair:2   | Killed a seven-headed hydra
 13057 | Lair:3   | Found a shadowy altar of Dithmenos.
 13069 | Lair:3   | Reached XP level 13. HP: 69/69 MP: 21/21
 13312 | Lair:3   | Reached skill level 9 in Invocations
 13511 | Lair:3   | Found a hole to the Spider Nest.
 13857 | Lair:3   | Reached ****** piety under Zin
 14425 | Lair:4   | Found a staircase to the Slime Pits.
 14425 | Lair:4   | Found a viscous altar of Jiyva.
 15196 | Lair:5   | Entered Level 5 of the Lair of Beasts
 15817 | Lair:5   | Reached skill level 10 in Stealth
 16070 | Lair:5   | Reached XP level 14. HP: 63/76 MP: 16/22
 16142 | Lair:5   | Reached skill level 10 in Invocations
 16512 | Lair:5   | Found a runed translucent door.
 16571 | Lair:5   | Reached skill level 10 in Fighting
 17179 | D:12     | Reached skill level 1 in Throwing
 17834 | Orc:1    | Entered Level 1 of the Orcish Mines
 18352 | Orc:2    | Entered Level 2 of the Orcish Mines
 19039 | Orc:2    | Reached skill level 11 in Invocations
 19039 | Orc:2    | Reached XP level 15. HP: 70/81 MP: 24/24
 19144 | Orc:2    | Found Duont's Armour Shoppe.
 19144 | Orc:2    | Found Irphavikh's Armour Boutique.
 19145 | Orc:2    | Found Kaenwom's Book Boutique.
 19145 | Orc:2    | Found Uqusocs's Antique Armour Emporium.
 19155 | Orc:2    | Bought the +6 chain mail "Jeustraf" {+Inv rElec MP+9} for
                  | 892 gold pieces
 19160 | Orc:2    | Found a staircase to the Elven Halls.
 19425 | Orc:2    | Bought a slimy scale mail for 333 gold pieces
 19425 | Orc:2    | Identified the +6 scale mail of Inviolability {rF+ rC+
                  | Will+} (You bought it in a shop on level 2 of the Orcish
                  | Mines)
 19425 | Orc:2    | Bought a pair of runed boots for 277 gold pieces
 19679 | D:9      | Reached skill level 5 in Throwing
 19693 | D:9      | Killed Parcival's ghost
 19761 | D:7      | Killed roninjake's ghost
 20030 | D:13     | Found a sacrificial altar of Ru.
 20272 | D:13     | Noticed Azrael
 20313 | D:13     | Killed Azrael
 20713 | D:13     | Found a gate to the Vaults.
 20776 | D:13     | Reached skill level 10 in Armour
 20795 | D:13     | Noticed Erolcha
 20816 | D:13     | Killed Erolcha
 21960 | D:15     | Entered Level 15 of the Dungeon
 21962 | D:15     | Found a gate leading to a gauntlet.
 22059 | Gauntlet | Entered a Gauntlet
 22059 | Gauntlet | Found a transporter.
 22059 | Gauntlet | Found a transporter.
 22089 | Gauntlet | Found a transporter.
 22106 | Gauntlet | Found a transporter.
 22106 | Gauntlet | Found a transporter.
 22108 | Gauntlet | Found a transporter.
 22111 | Gauntlet | Found a transporter.
 22111 | Gauntlet | Found a transporter.
 22125 | Gauntlet | Found a transporter.
 22141 | Gauntlet | Found a transporter.
 22151 | Gauntlet | Found a transporter.
 22165 | Gauntlet | Found a transporter.
 22187 | Gauntlet | Found a transporter.
 22201 | Gauntlet | Found a transporter.
 22290 | Gauntlet | Reached skill level 12 in Invocations
 22377 | Gauntlet | Identified the ring "Xoemovosm" {rF++ Will- MP+9 Dex+6}
 22459 | Gauntlet | Identified the +6 shortbow of Stickiness {speed, rPois rC++
                  | MP+9 Int-3}
 22459 | Gauntlet | Identified the ring of the Seer {rElec rF+ Int+6 Dex+2}
 22490 | Gauntlet | Identified the ring of Ygoese {rN+ rCorr Str+5}
 22670 | Orc:2    | Bought a +2 helmet of see invisible for 258 gold pieces
 23133 | D:15     | Reached XP level 16. HP: 88/88 MP: 26/26
 23424 | D:15     | Noticed Agnes
 23464 | D:15     | Killed Agnes
 23713 | D:15     | Found a staircase to the Depths.
 23780 | D:15     | Found a stormy altar of Qazlal.
 24151 | Spider:1 | Entered Level 1 of the Spider Nest
 24205 | Spider:1 | Noticed Aizul
 24374 | Spider:1 | Noticed Nikola
 24405 | Lair:3   | Killed Aizul
 24406 | Lair:3   | Reached skill level 10 in Throwing
 24446 | Spider:1 | Killed Nikola
 24584 | Lair:3   | Reached skill level 13 in Invocations
 25301 | Spider:1 | You fall into a shaft and drop 1 floor!
 26074 | Spider:2 | Reached XP level 17. HP: 75/94 MP: 28/28
 26975 | Spider:3 | Paralysed by a jorogumo for 1 turns
 27739 | Spider:3 | Reached skill level 14 in Invocations
 28396 | Spider:4 | Entered Level 4 of the Spider Nest
 29680 | Spider:4 | Reached XP level 18. HP: 92/101 MP: 29/29
 30190 | Spider:4 | Got a gossamer rune of Zot
 30360 | Swamp:1  | Entered Level 1 of the Swamp
 30436 | Swamp:1  | Found a transporter.
 30440 | Swamp:1  | Noticed jtron's ghost (journeyman TrMo)
 30441 | Swamp:1  | Found a transporter.
 30457 | Swamp:1  | Identified the +4 dire flail of the Skies Above {spect,
                  | +Blink rElec Int+2 Dex+3}
 30706 | Swamp:1  | Identified the +1 robe "Bilir" {Rampage Regen+}
 31057 | Swamp:1  | Reached skill level 15 in Invocations
 32066 | Swamp:2  | Found a runed translucent door.
 32066 | Swamp:2  | Noticed Doddyp's ghost (adept HOBe)
 32748 | Swamp:3  | Identified Roxanne's Book of the Mountains
 32748 | Swamp:3  | Noticed Roxanne
 32990 | Swamp:3  | Noticed Louise
 33063 | Swamp:3  | Killed Louise
 33366 | Swamp:4  | Entered Level 4 of the Swamp
 34131 | Swamp:4  | Reached XP level 19. HP: 93/107 MP: 31/31
 34461 | Swamp:4  | Got a decaying rune of Zot
 34876 | Vaults:1 | Entered Level 1 of the Vaults
 35162 | Vaults:1 | Reached skill level 15 in Fighting
 35455 | Vaults:1 | Reached skill level 16 in Invocations
 35512 | Vaults:2 | Found Bayfioll's Magic Scroll Shoppe.
 36798 | Vaults:2 | Found Coplaxei's Antique Armour Shop.
 36807 | Vaults:2 | Bought a pair of faintly humming gloves for 228 gold pieces
 36807 | Vaults:2 | Identified the +2 pair of gloves of Mysticism {Will+} (You
                  | bought it in a shop on level 2 of the Vaults)
 36909 | Vaults:2 | Found a staircase to the Crypt.
 37084 | Vaults:2 | Identified the +10 giant club "Killer Bee's Doom" {freeze,
                  | Str+3}
 37252 | Vaults:2 | Reached skill level 15 in Throwing
 38020 | Vaults:2 | Reached XP level 20. HP: 70/114 MP: 33/33
 38221 | Vaults:2 | Found a transporter.
 38221 | Vaults:2 | Noticed Muvus's ghost (adept DsFi)
 38222 | Vaults:2 | Found a transporter.
 38303 | Vaults:2 | Found Nemith's Weapon Boutique.
 38917 | Vaults:3 | Noticed Saint Roka
 39228 | Vaults:3 | Killed Saint Roka
 39547 | Vaults:3 | Reached skill level 17 in Invocations
 39580 | Vaults:3 | Noticed Mara
 39743 | Vaults:3 | Identified the amulet "Inee" {Spirit rElec rF+}
 40837 | Vaults:3 | Noticed SuperSeabass's illusion
 40899 | Vaults:3 | Noticed SuperSeabass's illusion
 40903 | Vaults:3 | Killed Mara
 41453 | Vaults:4 | Found Xumyple's Book Emporium.
 42239 | Vaults:4 | Found a huge runed gate.
 42239 | Vaults:4 | Found a huge runed gate.
 42239 | Vaults:4 | Found a huge runed gate.
 42240 | Vaults:4 | Found a huge runed gate.
 42240 | Vaults:4 | Found a huge runed gate.
 42240 | Vaults:4 | Found a huge runed gate.
 42240 | Vaults:4 | Found a huge runed gate.
 42242 | Vaults:4 | Found a huge runed gate.
 42242 | Vaults:4 | Found a huge runed gate.
 42242 | Vaults:4 | Found a huge runed gate.
 42243 | Vaults:4 | Found a huge runed gate.
 42244 | Vaults:4 | Found a huge runed gate.
 42245 | Vaults:4 | Found a huge runed gate.
 42246 | Vaults:4 | Found a huge runed gate.
 42247 | Vaults:4 | Found a huge runed gate.
 42258 | Vaults:4 | Found a huge runed gate.
 42258 | Vaults:4 | Found a huge runed gate.
 42258 | Vaults:4 | Found a huge runed gate.
 42258 | Vaults:4 | Found a huge runed gate.
 42258 | Vaults:4 | Found a huge runed gate.
 42259 | Vaults:4 | Found a huge runed gate.
 42260 | Vaults:4 | Found a huge runed gate.
 42261 | Vaults:4 | Found a huge runed gate.
 42262 | Vaults:4 | Found a huge runed gate.
 42270 | Vaults:4 | Found a huge runed gate.
 42270 | Vaults:4 | Found a huge runed gate.
 42270 | Vaults:4 | Found a huge runed gate.
 42270 | Vaults:4 | Found a huge runed gate.
 42270 | Vaults:4 | Found a huge runed gate.
 42270 | Vaults:4 | Found a huge runed gate.
 42271 | Vaults:4 | Found a huge runed gate.
 42272 | Vaults:4 | Found a huge runed gate.
 42273 | Vaults:4 | Found a huge runed gate.
 42282 | Vaults:4 | Found a huge runed gate.
 42282 | Vaults:4 | Found a huge runed gate.
 42282 | Vaults:4 | Found a huge runed gate.
 42845 | Elf:1    | Entered Level 1 of the Elven Halls
 42867 | Elf:1    | Reached skill level 15 in Armour
 43090 | Elf:1    | Reached skill level 1 in Evocations
 43102 | Elf:1    | Reached XP level 21. HP: 120/120 MP: 34/34
 43257 | Elf:1    | Got the Parchment of Damage Dealing
 43781 | Elf:2    | Found Rielais's Weapon Boutique.
 44130 | Elf:2    | Found a runed translucent gate.
 44131 | Elf:2    | Found a runed translucent gate.
 44131 | Elf:2    | Found a runed translucent gate.
 44225 | Elf:2    | Reached skill level 18 in Invocations
 44387 | Elf:2    | Reached skill level 10 in Shields
 44388 | Elf:2    | Paralysed by an air elemental for 1 turns
 44394 | Elf:2    | Paralysed by an air elemental for 1 turns
 45286 | Elf:3    | Entered Level 3 of the Elven Halls
 45575 | Elf:3    | Reached skill level 5 in Evocations
 46545 | Elf:3    | Reached XP level 22. HP: 127/127 MP: 36/36
 46909 | Elf:3    | Paralysed by an air elemental for 1 turns
 46912 | Elf:3    | Paralysed by an air elemental for 1 turns
 47258 | Elf:3    | Identified the +1 swamp dragon scales "Kuuxt" {rPois rN+
                  | Int+3 Stlth+}
 47433 | Elf:3    | Identified the +6 scale mail of Pubib {SInv}
 48027 | D:10     | You paid a toll of 6 scrolls of fear to enter a treasure
                  | trove
 48028 | Trove    | Entered a treasure trove
 48037 | Trove    | Identified the amulet of Knowledge {Reflect rN+++ Str-4
                  | Dex+4 SH+5 Stlth-}
 48048 | Trove    | Identified the +0 pair of gloves of Xadghilo {rPois rN+
                  | Will+}
 48057 | Trove    | Identified the ring "Qaohonim" {Fire Str+2 Dex+7}
 48801 | Swamp:2  | Killed Doddyp's ghost
 48862 | Swamp:3  | Killed Roxanne
 49858 | Depths:1 | Entered Level 1 of the Depths
 50573 | Depths:1 | Reached skill level 19 in Invocations
 50679 | Depths:1 | Found a one-way gate leading to the halls of Pandemonium.
 51630 | Depths:2 | Found a gateway to Hell.
 51936 | Depths:2 | Paralysed by a floating eye for 2 turns
 51938 | Depths:2 | Noticed a juggernaut
 52117 | Depths:2 | Identified the +7 sling of Weag Omo {vorpal, rPois rF+
                  | Str+2 Int+2}
 52176 | Depths:2 | Reached XP level 23. HP: 131/133 MP: 37/37
 52562 | Depths:2 | Identified the +2 leather armour of Fittatevoo {-Tele rPois
                  | Dex-2 SInv}
 53183 | Depths:3 | Found a blossoming altar of Fedhas.
 53201 | Depths:3 | Identified the +0 leather armour "Zerph" {*Corrode Str+2
                  | Dex+6}
 53656 | Depths:3 | Reached skill level 5 in Dodging
 53718 | Depths:3 | Identified the +10 mace of Recklessness {freeze, rPois
                  | Will++ Str+4}
 54288 | Depths:3 | Noticed a golden dragon
 54291 | Depths:3 | Killed a golden dragon
 54631 | Depths:3 | Noticed a caustic shrike
 54663 | Depths:3 | Killed a caustic shrike
 54843 | Depths:3 | Paralysed by a floating eye for 3 turns
 54974 | Depths:3 | Found a one-way gate to the infinite horrors of the Abyss.
 55175 | Depths:4 | Entered Level 4 of the Depths
 55177 | Depths:4 | Found a one-way gateway to a ziggurat.
 55325 | Depths:4 | Noticed a juggernaut
 55689 | Depths:4 | Killed a juggernaut
 55690 | Depths:4 | Reached skill level 20 in Invocations
 55847 | Depths:4 | Reached XP level 24. HP: 139/139 MP: 38/38
 56507 | Depths:4 | Found a gate to the Realm of Zot.
 56808 | Depths:4 | Reached skill level 10 in Evocations
 56888 | Depths:3 | Noticed a caustic shrike
 56904 | Depths:3 | Killed a caustic shrike
 57283 | Depths:1 | Found the +7 great mace "Undeadhunter" {disrupt, rN+}
 57501 | Crypt:1  | Entered Level 1 of the Crypt
 58791 | Crypt:2  | Reached skill level 15 in Stealth
 59670 | Crypt:2  | Found a runed translucent gate.
 59670 | Crypt:2  | Found a runed translucent gate.
 59670 | Crypt:2  | Found a runed translucent gate.
 60944 | Crypt:2  | Identified the amulet "Xeteak" {rPois Regen+}
 61103 | Crypt:2  | Found an ancient bone altar of Kikubaaqudgha.
 61235 | Crypt:3  | Entered Level 3 of the Crypt
 61452 | Crypt:3  | Found a staircase to the Tomb.
 61509 | Crypt:2  | Reached XP level 25. HP: 65/133 MP: 29/38
 61880 | Crypt:3  | Reached skill level 21 in Invocations
 62659 | Crypt:3  | Found a basalt altar of Yredelemnul.
 63398 | Crypt:3  | Identified the amulet of Weleif {rN+ Regen+ rCorr}
 63398 | Crypt:3  | Identified the ring of the Skies Above {rC+ rN+}
 63400 | Crypt:3  | Identified the +0 chain mail of Gluttony {+Blink}
 64003 | Vaults:5 | Entered Level 5 of the Vaults
 64292 | Vaults:5 | Reached skill level 10 in Dodging
 64851 | Vaults:5 | Identified the +8 shortbow "Beetlebane" {venom, Int+5}
 64851 | Vaults:5 | Identified the +2 sling of Execution {freeze, rPois}
 64851 | Vaults:5 | Identified the +7 chain mail "Tallah" {Str+9}
 65566 | Vaults:5 | Identified the +6 quarterstaff of Kiuff {protect, rF+ Int+2
                  | Dex+4}
 65619 | Vaults:5 | Reached skill level 22 in Invocations
 65902 | Vaults:5 | Identified the ring "Qalukak" {Ice Str+4}
 65982 | Vaults:5 | Reached XP level 26. HP: 154/154 MP: 39/39
 66140 | Vaults:5 | Noticed a dread lich
 66183 | Vaults:5 | Killed a dread lich
 66649 | Vaults:5 | Identified the +1 scale mail of Xoliq {+Inv Str+3 SInv}
 66651 | Vaults:5 | Got a silver rune of Zot
 66967 | Vaults:5 | Found Biut's General Store.
 66983 | Vaults:5 | Bought a wand of paralysis (5) for 204 gold pieces
 66983 | Vaults:5 | Bought 2 potions of resistance for 340 gold pieces
 66983 | Vaults:5 | Bought a scroll of magic mapping for 127 gold pieces
 66983 | Vaults:5 | Bought a potion of mutation for 136 gold pieces
 67623 | Vaults:2 | Killed Muvus's ghost
 67629 | Vaults:2 | Identified the +1 hat of Nihilism {+Blink Will+++ Regen+
                  | MP-9}
 67630 | Vaults:2 | Identified the +11 rapier of Titeggek {freeze, rElec rN+
                  | Dex+9}
 67908 | Swamp:1  | Killed jtron's ghost
 68726 | Zot:1    | Entered Level 1 of the Realm of Zot
 68727 | Zot:1    | Noticed Vv
 68803 | Zot:1    | Noticed a Killer Klown
 68833 | Depths:4 | Killed Vv
 69125 | Zot:1    | Noticed a dread lich
 69182 | Depths:4 | Killed a dread lich
 69253 | Depths:4 | Killed a Killer Klown
 69376 | Zot:1    | Noticed a Killer Klown
 69424 | Zot:1    | Killed a Killer Klown
 69587 | Zot:1    | Identified the +2 plate armour "Teanorch" {Dex+2}
 69616 | Zot:1    | Noticed Parghit
 69778 | Zot:1    | Identified the +0 plate armour "Exziple" {Drain Str+6}
 69998 | Zot:1    | Noticed a Killer Klown
 70027 | Zot:1    | Killed a Killer Klown
 70197 | Zot:1    | Killed Parghit
 70397 | Zot:2    | Noticed an orb of fire
 70600 | Zot:2    | Reached XP level 27. HP: 140/159 MP: 39/39
 70770 | Zot:2    | Noticed an orb of fire
 70815 | Zot:2    | Killed an orb of fire
 70985 | Zot:2    | Killed an orb of fire
 71531 | Zot:2    | Reached skill level 23 in Invocations
 74549 | Zot:4    | Reached skill level 15 in Dodging
 74632 | Zot:4    | Identified the +1 leather armour of the Shining Light
                  | {Contam +Blink +Inv rN+++}
 74728 | Zot:4    | Found a transporter.
 75082 | Zot:4    | Found a transporter.
 75156 | Zot:4    | Identified the ring of the Empire {Ice rElec}
 75156 | Zot:4    | Noticed Josephina
 75191 | Zot:4    | Killed Josephina
 75277 | Zot:4    | Found a transporter.
 75363 | Zot:4    | Found a transporter.
 75533 | Zot:5    | Entered Level 5 of the Realm of Zot
 75673 | Zot:5    | Reached skill level 24 in Invocations
 76036 | Zot:5    | Noticed a dread lich
 76046 | Zot:5    | Noticed a dread lich
 76062 | Zot:5    | Noticed a dread lich
 76063 | Zot:5    | Noticed an orb of fire
 76133 | Zot:4    | Killed a dread lich
 76145 | Zot:4    | Killed a dread lich
 76162 | Zot:5    | Killed a dread lich
 76235 | Zot:5    | Noticed an orb of fire
 76326 | Zot:5    | Killed an orb of fire
 76350 | Zot:5    | Killed an orb of fire
 76481 | Zot:5    | Noticed an ancient lich
 76498 | Zot:5    | Killed an ancient lich
 76554 | Zot:5    | Noticed an orb of fire
 76580 | Zot:5    | Killed an orb of fire
 77224 | Zot:5    | Noticed an orb of fire
 77242 | Zot:5    | Killed an orb of fire
 77314 | Zot:5    | Got the Orb of Zot
 77495 | Depths:4 | Noticed Dyuloun the pandemonium lord
 77836 | D:$      | Escaped with the Orb!

Illustrated notes

Levels and vault maps discovered:
D:1:      shiori_arrival_maze, layout_loops_ring,
          dreamdust_ecumenical_altar_hidden_monk_grotto
D:2:      layout_basic, uniq_robin
D:3:      layout_basic, zin_angel
D:4:      layout_loops_ring, temple_fountains, minmay_strange_pillars,
          nicolae_stop_n_shop_2
D:5:      layout_basic, uniq_prince_ribbit1
D:6:      layout_rooms, mainiacjoe_overflow_large_starburst,
          mainiacjoe_overflow_tiny_flanked, serial_shops,
          nicolae_shop_statue_plus, minmay_manual_mullet
D:7:      layout_basic, grunt_temple_overflow_open, ebering_ghost_gozag,
          hangedman_abyss_or_decor_passed
D:8:      layout_loops_ring, amcnicky_altar_gilded, serial_shops,
          nicolae_shop_bloodbath_and_beyond, uniq_maurice
D:9:      layout_small_grid, okawaru_ov_weapons_minmay,
          gammafunk_ghost_spectres, uniq_psyche
D:10:     layout_roguey, david_orc_2, nicolae_trove_entry_columns, uniq_urug
D:11:     layout_irregular_city, grunt_lair_entry_orc_guard_hut,
          minmay_statue_bubble
D:12:     layout_basic
D:13:     layout_cave_pods, erik_vaults_2, nicolae_ru_awakened_eye, uniq_azrael,
          uniq_erolcha
D:14:     layout_big_octagon
D:15:     grunt_enter_depths_magical_seal, layout_cave_pools,
          gauntlet_entry_generic, grunt_qazlal_clouds, serial_demonic,
          serial_demonic_c, serial_demonic_a, serial_demonic_c,
          serial_demonic_e, serial_demonic_e, serial_demonic_c,
          minmay_misc_feat_five, uniq_agnes
Lair:1:   layout_loops_ring, grunt_megastairs_3
Lair:2:   layout_misc_corridors, skrybe_swamp_entry_bodies,
          grunt_forest_large_clearing_hut
Lair:3:   layout_cave_shapes, spider_nest_entry_webs, basic_altar,
          lemuel_fruit_fields
Lair:4:   layout_gridlike, slime_entry_1
Lair:5:   hangedman_lair_in_review, layout_regular_city, wormcave,
          serial_forest, infiniplex_forest_straight_2,
          infiniplex_forest_lined_room_3, infiniplex_forest_zigzag_1,
          infiniplex_forest_clump_long
Swamp:1:  layout_basic_swamp, gammafunk_ghost_arena, evilmike_swamp_ruin_house_1
Swamp:2:  layout_basic_swamp, gammafunk_ghost_grave,
          nicolae_swamp_feature_on_the_river_bank, infiniplex_staircase_pool_2
Swamp:3:  layout_basic_swamp, evilmike_swamp_ruin_house_5, uniq_roxanne,
          uniq_louise
Swamp:4:  swamp_alternative, layout_basic_swamp
Spider:1: layout_spider_delve, uniq_aizul, uniq_nikola
Spider:2: layout_spider_delve
Spider:3: nicolae_spider_hilbert_zone_6 [nicolae_spider_hilbert_4_sides_1_open,
          nicolae_spider_hilbert_4_sides_1_open,
          nicolae_spider_hilbert_4_sides_1_open,
          nicolae_spider_hilbert_4_sides_1_open,
          nicolae_spider_hilbert_4_sides_1_open,
          nicolae_spider_hilbert_4_sides_1_open,
          nicolae_spider_hilbert_4_sides_1_open]
Spider:4: guppyfry_spider_rune, nicolae_looking_at_the_future
Orc:1:    layout_diamond_mine, basic_altar
Orc:2:    st_orc_ogre_mass, layout_caves
Elf:1:    elf_arrival_001, layout_gridlike, minmay_elf_annihilation
Elf:2:    nicolae_elf_blades_crystal_corner, layout_geoelf_diagonals,
          serial_shops, shop
Elf:3:    minmay_elf_hall_statues, layout_gridlike, special_room
          [special_room_orc], hangedman_elven_crosses_minicolossus
Vaults:1: hangedman_vaults_pinch, vaults_room_grunt_arrival_ludios, v_pattern_4,
          nicolae_vaults_big_angled_halls, v_alt_pattern_2,
          nicolae_vaults_disjoint_gnomons, nicolae_vaults_little_squares_3,
          vaults_standard_mumra_enter_the_diamond, nicolae_vaults_specimen_jars,
          vaults_dpeg_emergency_exit, layout_vaults_omnicross
Vaults:2: gammafunk_ghost_smash, hangedman_vaults_stagger, vaults_dpeg_cross,
          vaults_dpeg_encased_lava, ontoclasm_vaults_ring_square,
          minmay_crypt_entry_vampire_xt, nicolae_vaults_border_crossing,
          hangedman_vaults_trim, hangedman_vaults_stitches,
          grunt_vaults_hallway_short, hangedman_vaults_nodes, v_alt_pattern_5,
          layout_vaults_maze_bifur, serial_shops, shop_fountains, shop, shop
Vaults:3: st_hourglassy, nicolae_vaults_angled_halls,
          nicolae_vaults_mini_display_case, layout_vaults_omnigrid,
          uniq_saint_roka, uniq_mara
Vaults:4: hangedman_vaults_capsules, v_pattern_2, not_door_vault_due,
          nicolae_vaults_circle_grid_b, hangedman_vaults_slice,
          vaults_standard_mumra_x, vaults_room_pools, layout_vaults_big_room,
          serial_shops, nicolae_shop_stone
Vaults:5
Crypt:1:  layout_misc_corridors, grunt_crypt_arrival_guarded_gate
Crypt:2:  cheibrodos_crypt_down_in_the_bonehoard, layout_catacombs,
          wad_floor_pattern_2, serial_sigils_hangedman_snap, hex_tiny,
          pandoras_box_mu
Crypt:3:  church_of_pain_bobbens, layout_chaotic_city
Depths:1: layout_roguey, hellmouth_2, minmay_holes, grunt_pan_entry_zigzag,
          kennysheep_generic_room_11
Depths:2: minmay_swirls_squares, layout_honeycomb, rand_demon_pan_entry_7,
          serial_bayou_shore_b, hangedman_tar_grid_catacomb
Depths:3: minmay_the_grid_triangle_9x9_recursive_3_mashed
          [minmay_the_grid_triangle_9x9_negative_grid,
          minmay_the_grid_triangle_9x9_checkered,
          minmay_the_grid_triangle_9x9_zippers_horizontal,
          minmay_the_grid_triangle_9x9_prize_insulated,
          minmay_the_grid_triangle_9x9_cache,
          minmay_the_grid_triangle_9x9_alien,
          minmay_the_grid_triangle_9x9_warning,
          minmay_the_grid_triangle_9x9_shrine,
          minmay_the_grid_triangle_9x9_skeleton], layout_gridville,
          minmay_room_of_horrors, grunt_hell_entry_dis_grunt, hangedman_aviary
Depths:4: evilmike_zot_entry_argh, layout_cave_shapes, enter_ziggurat_a,
          hell_entry, chequers_serial_rivers_micro_e, pan_entry,
          hangedman_devilish_allure
Zot:1:    ebering_klown_carousel, layout_onion_interference, uniq_parghit,
          uniq_vv
Zot:2:    lemuel_halls_of_wrath, layout_basic, grunt_megastairs_5
Zot:3:    layout_gridville
Zot:4:    layout_twisted_circle, nicolae_transporter_intersection,
          uniq_josephina
Zot:5:    layout_cathedral_of_symmetry

Skill      XL: |  1  2  3  4  5  6  7  8  9 10 11 12 13 14 15 16 17 18 19 20 21 22 23 24 25 26 27 |
---------------+----------------------------------------------------------------------------------+-----
Fighting       | 3 5 6 7 8 9 10 11 12 13 14 15 16 17 18 19 20 21 23 | 23.2
Short Blades   | 2 3 5 6 8 10 11 12 13 14 | 14.0
Dodging        | 2 4 6 8 11 12 15 | 15.2
Spellcasting   | 4 5 |  5.0
Invocations    | 4 6 7 8 9 11 12 13 14 15 16 17 18 19 20 22 24 | 24.8
Armour         | 3 5 6 7 8 9 10 11 12 13 14 15 | 15.3
Shields        | 2 5 6 7 8 9 10 11 | 11.3
Stealth        | 8 10 11 13 15 16 | 16.0
Throwing       | 4 8 11 13 14 15 16 | 16.3
Evocations     | 1 5 8 9 10 | 10.0

Action                   |  1- 3 |  4- 6 |  7- 9 | 10-12 | 13-15 | 16-18 | 19-21 | 22-24 | 25-27 || total
-------------------------+-------+-------+-------+-------+-------+-------+-------+-------+-------++-------
Melee: Short sword       |    52 |     4 |       |   116 |   117 |     5 |       |       |       ||   294
       Bite              |    14 |    45 |   113 |   369 |  1148 |  1642 |  1955 |  2590 |  2419 || 10295
       Dagger            |       |   180 |   304 |   796 |  2118 |  3065 |  3162 |  3890 |  3062 || 16577
       Punch             |       |     1 |     8 |     1 |       |       |       |       |       ||    10
       Rapier            |       |       |       |       |       |       |       |       |   563 ||   563
Throw: Boomerang         |       |       |       |       |    13 |    73 |   158 |   104 |   390 ||   738
       Javelin           |       |       |       |       |       |       |    19 |     3 |    40 ||    62
       Throwing net      |       |       |       |       |       |       |     2 |       |       ||     2
       Dart              |       |       |       |       |       |       |     1 |     2 |       ||     3
Invok: Donate Gold       |       |     1 |       |       |       |       |       |       |       ||     1
       Recite            |       |       |     6 |     7 |    20 |    21 |    44 |    67 |    43 ||   208
       Vitalisation      |       |       |     1 |     1 |    11 |    18 |     4 |    14 |    19 ||    68
       Sanctuary         |       |       |       |       |     1 |     5 |     1 |     5 |     3 ||    15
Evoke: Wand              |       |       |       |       |     4 |       |     2 |    14 |    32 ||    52
       Lightning rod     |       |       |       |       |       |       |       |     5 |       ||     5
       Phial of floods   |       |       |       |       |       |       |       |       |     1 ||     1
  Use: Scroll            |     1 |     6 |     7 |     9 |    13 |     8 |     1 |     9 |    14 ||    68
       Potion            |       |     1 |       |     1 |       |     4 |     2 |     1 |     6 ||    15
 Stab: Sleeping          |     8 |    12 |    15 |    18 |    21 |     2 |     3 |    15 |    13 ||   107
       Distracted        |       |     1 |       |     1 |     2 |       |     1 |     3 |     6 ||    14
       Confused          |       |       |     1 |     1 |    15 |     8 |    33 |    13 |    31 ||   102
       Invisible         |       |       |       |     1 |       |       |     3 |     5 |     7 ||    16
       Petrified         |       |       |       |       |     2 |       |       |       |       ||     2
       Paralysed         |       |       |       |       |     3 |       |     5 |     1 |    12 ||    21
       Petrifying        |       |       |       |       |     2 |       |       |       |       ||     2
Armor: Leather armour    |    17 |    29 |    36 |    98 |       |       |       |       |       ||   180
       Acid dragon scale |       |       |       |    60 |   393 |       |       |       |       ||   453
       Chain mail        |       |       |       |       |   340 |  1576 |   647 |    84 |       ||  2647
       Ice dragon scales |       |       |       |       |       |       |       |   751 |   799 ||  1550
Dodge: Dodged            |    30 |    84 |    77 |   227 |   589 |   996 |   522 |   646 |  1037 ||  4208
Block: Buckler           |       |       |       |   210 |   617 |  1264 |   581 |   785 |   783 ||  4240
